TOP OF THE 1ST |
Bishop Verot HS batting - Pitching for Masconomet HS Chieftans : RHP David Wilson
|
Pitching: RHP David Wilson
|
|
Batting: LHB Jim Hall
|
0-0: Ball 1-0: SOLO HOME RUN (Flyball, 9D), Distance : 408 ft
|
Batting: RHB Chris Seals
|
0-0: Foul Ball, location: 2F 0-1: Foul Ball, location: 2F 0-2: Foul Ball, location: 2F 0-2: Ball 1-2: Foul Ball, location: 2F 1-2: Ball 2-2: Fly out, F6 (Popup, 6S)
|
Batting: RHB Brian Bailey
|
0-0: Foul Ball, location: 2F 0-1: Swinging Strike 0-2: Ball 1-2: Ball 2-2: Strikes out looking
|
Batting: RHB Bob Fitzgerald
|
0-0: Called Strike 0-1: Ball 1-1: Called Strike 1-2: Strikes out looking
|
Top of the 1st over - 1 run(s), 1 hit(s), 0 error(s), 0 left on base; Bishop Verot HS 1 - Masconomet HS 0 |
BOTTOM OF THE 1ST |
Masconomet HS Chieftans batting - Pitching for Bishop Verot HS : RHP Tim Bennett
|
Pitching: RHP Tim Bennett
|
|
Batting: RHB Frank Music
|
0-0: Bunted foul 0-1: SINGLE (Groundball, 34D)
|
Batting: RHB Tyler Robinson
|
0-0: Called Strike Frank Music steals 2nd base 0-1: Called Strike 0-2: SINGLE (Flyball, 8LS) Frank Music to third
|
Batting: LHB Trent Andrews
|
0-0: Foul Ball, location: 2F 0-1: Ball 1-1: Swinging Strike 1-2: Ball 2-2: Ball 3-2: Base on Balls Tyler Robinson to second
|
Batting: RHB Clancy Castro
|
0-0: Ball 1-0: Foul Ball, location: 2F 1-1: Ball 2-1: Ball 3-1: Base on Balls Frank Music scores Tyler Robinson to third Trent Andrews to second
|
Batting: RHB Lee Justice
|
0-0: Called Strike 0-1: Fly out, F8 (Flyball, 8RM) Runner from 3rd tags up, SCORES, no throw
|
Batting: RHB Ryan Beck
|
0-0: Fly out, F3 (Popup, 3DF)
|
Batting: RHB António Rojas
|
0-0: Called Strike 0-1: Called Strike 0-2: Foul Ball, location: 2F 0-2: Ball 1-2: Foul Ball, location: 2F 1-2: Strikes out swinging
|
Bottom of the 1st over - 2 run(s), 2 hit(s), 0 error(s), 2 left on base; Bishop Verot HS 1 - Masconomet HS 2 |
TOP OF THE 2ND |
Bishop Verot HS batting - Pitching for Masconomet HS Chieftans : RHP David Wilson
|
Batting: LHB Pedro Padilla
|
0-0: SINGLE (Flyball, 78M)
|
Batting: RHB Bill Ford
|
0-0: Called Strike 0-1: Grounds into double play, 5-4-3 (Groundball, 5)
|
Batting: RHB Carlos Sánchez
|
0-0: Ball 1-0: SINGLE (Line Drive, 78S)
|
Batting: RHB George Lutz
|
0-0: Foul Ball, location: 2F 0-1: Foul Ball, location: 2F 0-2: Foul Ball, location: 2F 0-2: Fly out, F8 (Flyball, 8LM)
|
Top of the 2nd over - 0 run(s), 2 hit(s), 0 error(s), 1 left on base; Bishop Verot HS 1 - Masconomet HS 2 |
BOTTOM OF THE 2ND |
Masconomet HS Chieftans batting - Pitching for Bishop Verot HS : RHP Tim Bennett
|
Batting: SHB Jim Orr
|
0-0: Fly out, F7 (Flyball, 7S)
|
Batting: RHB Jack Bowman
|
0-0: Ball 1-0: Foul Ball, location: 2F 1-1: SINGLE (Groundball, 5S)
|
Batting: RHB Frank Music
|
0-0: Ball 1-0: Ground out 5-3 (Groundball, 5S) Jack Bowman to second
|
Batting: RHB Tyler Robinson
|
0-0: Ball 1-0: Ball 2-0: Called Strike 2-1: Ball 3-1: Called Strike 3-2: Base on Balls
|
Batting: LHB Trent Andrews
|
0-0: Ball 1-0: Ball 2-0: Called Strike 2-1: Hit by Pitch Jack Bowman to third Tyler Robinson to second
|
Batting: RHB Clancy Castro
|
0-0: Called Strike 0-1: SINGLE (Flyball, 7S) Jack Bowman scores Tyler Robinson to third Trent Andrews to second Throwing error, E7 Tyler Robinson scores Trent Andrews to third Clancy Castro to second
|
Batting: RHB Lee Justice
|
0-0: Ball 1-0: SINGLE (Line Drive, 34S) Trent Andrews scores Clancy Castro to third Runner from 3rd tries for Home, SAFE, no throw or cutoff
|
Batting: RHB Ryan Beck
|
0-0: Ball 1-0: Ball Lee Justice steals 2nd base 2-0: Called Strike 2-1: Fly out, F9 (Flyball, 89M)
|
Bottom of the 2nd over - 4 run(s), 3 hit(s), 1 error(s), 1 left on base; Bishop Verot HS 1 - Masconomet HS 6 |
TOP OF THE 3RD |
Bishop Verot HS batting - Pitching for Masconomet HS Chieftans : RHP David Wilson
|
Batting: RHB Carson Allen
|
0-0: Called Strike 0-1: Ball 1-1: Ball 2-1: Swinging Strike 2-2: Foul Ball, location: 2F 2-2: Strikes out swinging
|
Batting: LHB Jim Hall
|
0-0: Called Strike 0-1: Foul Ball, location: 2F 0-2: Ball 1-2: Ball 2-2: Ground out 6-3 (Groundball, 6S)
|
Batting: RHB Chris Seals
|
0-0: Called Strike 0-1: Foul Ball, location: 2F 0-2: Ground out 6-3 (Groundball, 6)
|
Top of the 3rd over - 0 run(s), 0 hit(s), 0 error(s), 0 left on base; Bishop Verot HS 1 - Masconomet HS 6 |
BOTTOM OF THE 3RD |
Masconomet HS Chieftans batting - Pitching for Bishop Verot HS : RHP Tim Bennett
|
Batting: RHB António Rojas
|
0-0: Ball 1-0: Called Strike 1-1: Swinging Strike 1-2: Strikes out swinging
|
Batting: SHB Jim Orr
|
0-0: Ball 1-0: Called Strike 1-1: Ball 2-1: Ball 3-1: Foul Ball, location: 2F 3-2: SINGLE (Line Drive, 9S)
|
Batting: RHB Jack Bowman
|
0-0: Ball 1-0: Grounds into double play, U6-3 (Groundball, 6M)
|
Bottom of the 3rd over - 0 run(s), 1 hit(s), 0 error(s), 0 left on base; Bishop Verot HS 1 - Masconomet HS 6 |
TOP OF THE 4TH |
Bishop Verot HS batting - Pitching for Masconomet HS Chieftans : RHP David Wilson
|
Batting: RHB Brian Bailey
|
0-0: Foul Ball, location: 2F 0-1: SOLO HOME RUN (Flyball, 78D), Distance : 435 ft
|
Batting: RHB Bob Fitzgerald
|
0-0: Ball 1-0: Ball 2-0: Ground out 5-3 (Groundball, 5S)
|
Batting: LHB Pedro Padilla
|
0-0: Ball 1-0: Foul Ball, location: 2F 1-1: Ground out 4-3 (Groundball, 4MS)
|
Batting: RHB Bill Ford
|
0-0: Ball 1-0: Called Strike 1-1: Called Strike 1-2: Foul Ball, location: 2F 1-2: Ball 2-2: Strikes out swinging
|
Top of the 4th over - 1 run(s), 1 hit(s), 0 error(s), 0 left on base; Bishop Verot HS 2 - Masconomet HS 6 |
BOTTOM OF THE 4TH |
Masconomet HS Chieftans batting - Pitching for Bishop Verot HS : RHP Tim Bennett
|
Batting: RHB Frank Music
|
0-0: Foul Ball, location: 2F 0-1: Reached on Error, E4 (Popup, 89S)
|
Batting: RHB Tyler Robinson
|
0-0: Foul Ball, location: 2F 0-1: Called Strike 0-2: Ball 1-2: Ball 2-2: SINGLE (Line Drive, 6MD) Frank Music to second
|
Batting: LHB Trent Andrews
|
0-0: Fielders Choice at 2nd, 4-6 (Groundball, 4) Frank Music to third
|
Batting: RHB Clancy Castro
|
0-0: Called Strike 0-1: Swinging Strike 0-2: Foul Ball, location: 2F 0-2: Ball 1-2: Ground out 4-3 (Groundball, 4M) Frank Music scores Trent Andrews to second
|
Batting: RHB Lee Justice
|
0-0: Called Strike 0-1: Ball 1-1: Reached on error, E5 (Groundball, 56) Trent Andrews to third
|
Batting: RHB Ryan Beck
|
0-0: Ball 1-0: Ball 2-0: Ground out 1-3 (Groundball, 15)
|
Bottom of the 4th over - 1 run(s), 1 hit(s), 2 error(s), 2 left on base; Bishop Verot HS 2 - Masconomet HS 7 |
TOP OF THE 5TH |
Bishop Verot HS batting - Pitching for Masconomet HS Chieftans : RHP David Wilson
|
Batting: RHB Carlos Sánchez
|
0-0: Ball 1-0: Ball 2-0: Ball 3-0: Called Strike 3-1: Base on Balls
|
Batting: RHB George Lutz
|
0-0: Called Strike 0-1: Foul Ball, location: 2F 0-2: Ball 1-2: Ball 2-2: Ball 3-2: Grounds into double play, 4-6-3 (Groundball, 4)
|
Batting: RHB Carson Allen
|
0-0: Ball 1-0: Ball 2-0: Called Strike 2-1: Swinging Strike 2-2: Strikes out swinging
|
Top of the 5th over - 0 run(s), 0 hit(s), 0 error(s), 0 left on base; Bishop Verot HS 2 - Masconomet HS 7 |
BOTTOM OF THE 5TH |
Masconomet HS Chieftans batting - Pitching for Bishop Verot HS : RHP Tim Bennett
|
Pitching: RHP Tim Randell
|
|
Batting: RHB António Rojas
|
0-0: Foul Ball, location: 2F 0-1: Ball 1-1: Ball 2-1: Ball 3-1: Base on Balls
|
Batting: SHB Jim Orr
|
0-0: Swinging Strike 0-1: Ball 1-1: Foul Ball, location: 2F 1-2: SINGLE (Groundball, 34D) António Rojas to second Runner from 2nd tries for 3rd, SAFE, throw made to third
|
Batting: RHB Jack Bowman
|
0-0: Called Strike 0-1: Ball 1-1: Ball 2-1: Foul Ball, location: 2F 2-2: Foul Ball, location: 2F 2-2: Ball 3-2: Base on Balls Jim Orr to second
|
Batting: RHB Frank Music
|
0-0: Ball 1-0: Ball 2-0: Ball 3-0: Called Strike 3-1: Base on Balls António Rojas scores Jim Orr to third Jack Bowman to second
|
Batting: RHB Tyler Robinson
|
0-0: Ball 1-0: Called Strike 1-1: Foul Ball, location: 2F 1-2: Ball 2-2: Strikes out swinging
|
Batting: LHB Trent Andrews
|
0-0: Ball 1-0: Swinging Strike 1-1: Called Strike 1-2: Ball 2-2: Ball 3-2: Base on Balls Jim Orr scores Jack Bowman to third Frank Music to second
|
Pitching: LHP Tommy Henderson
|
|
Batting: RHB Clancy Castro
|
0-0: Foul Ball, location: 2F 0-1: Reached on error, E5 (Groundball, 56S) Jack Bowman scores Frank Music to third Trent Andrews to second
|
Batting: RHB Lee Justice
|
0-0: Swinging Strike 0-1: Ball 1-1: Swinging Strike 1-2: Ball 2-2: Ball 3-2: Foul Ball, location: 2F 3-2: Base on Balls Frank Music scores Trent Andrews to third Clancy Castro to second
|
Batting: RHB Ryan Beck
|
0-0: Ball 1-0: Ball 2-0: GRAND SLAM HOME RUN (Flyball, 7D), Distance : 393 ft
|
Batting: RHB António Rojas
|
0-0: Called Strike 0-1: Fly out, F9 (Flyball, 9M)
|
Batting: SHB Jim Orr
|
0-0: Ball 1-0: Called Strike 1-1: Ground out 6-3 (Groundball, 6M)
|
Bottom of the 5th over - 8 run(s), 2 hit(s), 1 error(s), 0 left on base; Bishop Verot HS 2 - Masconomet HS 15 |
TOP OF THE 6TH |
Bishop Verot HS batting - Pitching for Masconomet HS Chieftans : RHP David Wilson
|
Batting: LHB Jim Hall
|
0-0: Foul Ball, location: 2F 0-1: Ground out 2-3 (Groundball, 13S)
|
Batting: RHB Chris Seals
|
0-0: Called Strike 0-1: Fly out, F7 (Flyball, 78M)
|
Batting: RHB Brian Bailey
|
0-0: Foul Ball, location: 2F 0-1: Swinging Strike 0-2: Strikes out swinging
|
Top of the 6th over - 0 run(s), 0 hit(s), 0 error(s), 0 left on base; Bishop Verot HS 2 - Masconomet HS 15 |
BOTTOM OF THE 6TH |
Masconomet HS Chieftans batting - Pitching for Bishop Verot HS : LHP Tommy Henderson
|
Pitching: RHP Nick Taylor
|
|
Batting: RHB Jack Bowman
|
0-0: Ball 1-0: Called Strike 1-1: Ball 2-1: Ball 3-1: Ground out 5-3 (Groundball, 5L)
|
Batting: RHB Frank Music
|
0-0: Ball 1-0: Swinging Strike 1-1: Ground out 6-3 (Groundball, 6)
|
Batting: RHB Tyler Robinson
|
0-0: Ball 1-0: Foul Ball, location: 2F 1-1: Foul Ball, location: 2F 1-2: Foul Ball, location: 2F 1-2: Ground out 6-3 (Groundball, 6)
|
Bottom of the 6th over - 0 run(s), 0 hit(s), 0 error(s), 0 left on base; Bishop Verot HS 2 - Masconomet HS 15 |
TOP OF THE 7TH |
Bishop Verot HS batting - Pitching for Masconomet HS Chieftans : RHP David Wilson
|
Batting: RHB Bob Fitzgerald
|
0-0: Ball 1-0: Ball 2-0: Ball 3-0: Base on Balls
|
Pitching: RHP Alberto Pérez
|
|
Batting: LHB Pedro Padilla
|
0-0: Ball 1-0: Ball 2-0: Ball 3-0: Base on Balls Bob Fitzgerald to second
|
Batting: RHB Bill Ford
|
0-0: Ball 1-0: Ball 2-0: Called Strike 2-1: Fly out, F9 (Line Drive, 9M)
|
Batting: RHB Carlos Sánchez
|
0-0: Called Strike 0-1: Foul Ball, location: 2F 0-2: Ball 1-2: Ball 2-2: Strikes out swinging
|
Batting: RHB George Lutz
|
0-0: Ball 1-0: Swinging Strike 1-1: Ball 2-1: Fly out, F8 (Flyball, 89XD)
|
Top of the 7th over - 0 run(s), 0 hit(s), 0 error(s), 2 left on base; Bishop Verot HS 2 - Masconomet HS 15 |
BOTTOM OF THE 7TH |
Masconomet HS Chieftans batting - Pitching for Bishop Verot HS : RHP Nick Taylor
|
Batting: LHB Trent Andrews
|
0-0: Called Strike 0-1: Swinging Strike 0-2: Ball 1-2: Strikes out swinging
|
Batting: RHB Clancy Castro
|
0-0: Called Strike 0-1: Ball 1-1: Swinging Strike 1-2: Foul Ball, location: 2F 1-2: DOUBLE (Flyball, 7M)
|
Batting: RHB Lee Justice
|
0-0: Swinging Strike 0-1: SINGLE (Flyball, 6MD) Clancy Castro to third Runner from 3rd tries for Home, SAFE, throw made home
|
Batting: RHB Ryan Beck
|
0-0: Ball 1-0: SINGLE (Groundball, 4M) Lee Justice to second Runner from 2nd tries for 3rd, SAFE, throw made to third
|
Batting: RHB António Rojas
|
0-0: Called Strike 0-1: Swinging Strike 0-2: Ball 1-2: Foul Ball, location: 2F 1-2: Foul Ball, location: 2F 1-2: Foul Ball, location: 2F 1-2: Ball 2-2: Grounds into double play, 1-4-3 (Groundball, 13S)
|
Bottom of the 7th over - 1 run(s), 3 hit(s), 0 error(s), 1 left on base; Bishop Verot HS 2 - Masconomet HS 16 |
TOP OF THE 8TH |
Bishop Verot HS batting - Pitching for Masconomet HS Chieftans : RHP Alberto Pérez
|
Batting: RHB Carson Allen
|
0-0: Ball 1-0: Foul Ball, location: 2F 1-1: Called Strike 1-2: Ball 2-2: Ball 3-2: Foul Ball, location: 2F 3-2: Hit by Pitch
|
Batting: LHB Jim Hall
|
0-0: Called Strike 0-1: Swinging Strike 0-2: Hit by Pitch Carson Allen to second
|
Batting: RHB Chris Seals
|
0-0: SINGLE (Groundball, 56D) Carson Allen to third Jim Hall to second
|
Batting: RHB Brian Bailey
|
0-0: Called Strike 0-1: Called Strike 0-2: Ball 1-2: Ball 2-2: Ball 3-2: SINGLE (Line Drive, 78M) Carson Allen scores Jim Hall to third Chris Seals to second
|
Batting: RHB Bob Fitzgerald
|
0-0: Ball 1-0: Ball 2-0: DOUBLE (Line Drive, 78S) Jim Hall scores Chris Seals scores Brian Bailey to third
|
Batting: LHB Pedro Padilla
|
0-0: Swinging Strike 0-1: Foul Ball, location: 2F 0-2: Hit by Pitch
|
Batting: RHB Bill Ford
|
0-0: Foul Ball, location: 2F 0-1: Fly out, F8 (Flyball, 8RM)
|
Batting: RHB Carlos Sánchez
|
0-0: Fly out, F4 (Popup, 4)
|
Batting: RHB George Lutz
|
0-0: Ground out 1-3 (Groundball, 13)
|
Top of the 8th over - 3 run(s), 3 hit(s), 0 error(s), 3 left on base; Bishop Verot HS 5 - Masconomet HS 16 |
BOTTOM OF THE 8TH |
Masconomet HS Chieftans batting - Pitching for Bishop Verot HS : RHP Nick Taylor
|
Pitching: LHP Tony Molina
|
|
Batting: SHB Jim Orr
|
0-0: Ball 1-0: Ball 2-0: Ball 3-0: Called Strike 3-1: Base on Balls
|
Batting: RHB Jack Bowman
|
0-0: Foul Ball, location: 2F 0-1: Swinging Strike 0-2: Ball 1-2: Ball 2-2: Strikes out swinging
|
Batting: RHB Frank Music
|
0-0: Ball 1-0: Ball 2-0: Called Strike 2-1: Foul Ball, location: 2F 2-2: Strikes out swinging
|
Batting: RHB Tyler Robinson
|
0-0: Called Strike 0-1: Ball 1-1: Ball 2-1: Ball 3-1: Foul Ball, location: 2F 3-2: Foul Ball, location: 2F 3-2: Foul Ball, location: 2F 3-2: Base on Balls Jim Orr to second
|
Batting: LHB Trent Andrews
|
0-0: Ball 1-0: Called Strike 1-1: Ball 2-1: Swinging Strike 2-2: Strikes out looking
|
Bottom of the 8th over - 0 run(s), 0 hit(s), 0 error(s), 2 left on base; Bishop Verot HS 5 - Masconomet HS 16 |
TOP OF THE 9TH |
Bishop Verot HS batting - Pitching for Masconomet HS Chieftans : RHP Alberto Pérez
|
Pitching: RHP Dan Garrett
|
|
Batting: RHB Carson Allen
|
0-0: Foul Ball, location: 2F 0-1: Ball 1-1: Swinging Strike 1-2: Ball 2-2: Fly out, F8 (Flyball, 8RM)
|
Batting: LHB Jim Hall
|
0-0: Called Strike 0-1: Ball 1-1: Foul Ball, location: 2F 1-2: Ball 2-2: Ball 3-2: Foul Ball, location: 2F 3-2: Base on Balls
|
Batting: RHB Chris Seals
|
0-0: Called Strike 0-1: Ball 1-1: Ball 2-1: Ball 3-1: Base on Balls Jim Hall to second
|
Batting: RHB Brian Bailey
|
0-0: Ball 1-0: Ball 2-0: Ball 3-0: Called Strike 3-1: Foul Ball, location: 2F 3-2: Base on Balls Jim Hall to third Chris Seals to second
|
Batting: RHB Bob Fitzgerald
|
0-0: Ball 1-0: Called Strike 1-1: Ball 2-1: Ball 3-1: Base on Balls Jim Hall scores Chris Seals to third Brian Bailey to second
|
Pitching: RHP Pat Wright
|
|
Batting: LHB Pedro Padilla
|
0-0: Ball 1-0: Called Strike 1-1: Fielders Choice at 2nd, 4-6 (Groundball, 4) Chris Seals scores Brian Bailey to third
|
Batting: RHB Bill Ford
|
0-0: Called Strike 0-1: Swinging Strike 0-2: Ball 1-2: Foul Ball, location: 2F 1-2: Strikes out swinging
|
Top of the 9th over - 2 run(s), 0 hit(s), 0 error(s), 2 left on base; Bishop Verot HS 7 - Masconomet HS 16 |
|